 Dungeon Crawl Stone Soup version 0.19-a0-1920-g83281cb (console) character file.

9659 nht the Severer (level 11, 3/84 HPs)
             Began as a Minotaur Berserker on Oct 23, 2016.
             Was an Elder of Trog.
             Quit the game on level 1 of the Lair of Beasts.
             The game lasted 00:15:44 (7273 turns).

nht the Severer (Minotaur Berserker)                Turns: 7273, Time: 00:15:44

Health: 3/84       AC: 14    Str: 25    XL:     11   Next: 25%
Magic:  10/10      EV: 11    Int:  4    God:    Trog [****..]
Gold:   418        SH:  0    Dex: 13    Spells: 0 memorised, 10 levels left

rFire  + + .     SeeInvis .     x - +0 war axe
rCold  + . .     Gourm    .     A - +2 scale mail {rF+}
rNeg   + + .     Faith    .     (no shield)
rPois  +         Spirit   .     y - -2 hat of the Alchemist {rElec rPois rF+ rC+ rN+ MR+ rMut rCorr}
rElec  +         Reflect  .     l - +2 cloak
rCorr  +         Harm     .     z - +1 pair of gloves {Str+3}
rMut   +                        m - +1 pair of boots
MR     ++...                    (no amulet)
Stlth  ..........               s - ring of protection from magic
                                r - ring of positive energy

@: exhausted, studying Stealth
A: retaliatory headbutt, horns 2, rugged brown scales 1, electricity resistance,
slow regeneration 1
a: Berserk, Trog's Hand, Brothers in Arms, Burn Spellbooks, Renounce Religion


You were on level 1 of the Lair of Beasts.
You worshipped Trog.
Trog was greatly pleased with you.
You were near starving.

You visited 2 branches of the dungeon, and saw 9 of its levels.
You also visited: Ossuary.

You collected 570 gold pieces.
You spent 152 gold pieces at shops.

Inventory:

Hand Weapons
 a - a +1 hand axe of freezing
 x - a +0 war axe (weapon)
Missiles
 n - 13 tomahawks (quivered)
 o - 7 javelins
Armour
 l - a +2 cloak (worn)
 m - a +1 pair of boots (worn)
 y - the -2 hat of the Alchemist (worn) {rElec rPois rF+ rC+ rN+ MR+ rMut rCorr}
   (You found it on level 7 of the Dungeon)

   It protects you from fire.
   It protects you from cold.
   It insulates you from electricity.
   It protects you from poison.
   It protects you from negative energy.
   It affects your resistance to hostile enchantments.
   It protects you from acid and corrosion.
   It protects you from mutation.
 z - a +1 pair of gloves of strength (worn)
 A - a +2 scale mail of fire resistance (worn)
Jewellery
 k - an uncursed ring of fire
 r - a ring of positive energy (left hand)
 s - a ring of protection from magic (right hand)
Wands
 C - a wand of confusion (25/48)
Scrolls
 e - 12 scrolls of identify
 g - 4 scrolls of remove curse
 j - 3 scrolls of enchant weapon
 p - 3 scrolls of magic mapping
 v - a scroll of fear
 w - a scroll of fog
 D - a scroll of brand weapon
Potions
 h - 4 potions of curing
 q - a potion of lignification
 t - a potion of beneficial mutation
Books
 u - a manual of Stealth
Miscellaneous
 B - a sack of spiders
Comestibles
 c - 9 bread rations
 d - 3 meat rations
 f - 8 slices of pizza
 i - 4 beef jerkies
 E - a royal jelly


   Skills:
 - Level 3.6 Fighting
 + Level 19.3 Axes
 - Level 2.4 Armour
 - Level 2.1 Dodging


You had 10 spell levels left.
You didn't know any spells.

Dungeon Overview and Level Annotations

Branches:
Dungeon (8/15)             Temple (0/1) D:5            Lair (1/6) D:8

Altars:
Gozag
Trog

Shops:
D:5 *   D:6 (?

Annotations:
Lair:1 p0werm0de's ghost, journeyman OpWr


Innate Abilities, Weirdness & Mutations

You reflexively headbutt those who attack you in melee.
You have a pair of horns on your head.
You are partially covered in rugged brown scales. (AC +1, +3% HP)
You are resistant to electric shocks. (rElec)
You regenerate slowly when monsters are visible.


Message History

P0werm0de's ghost closely misses you.
You feel better.
Your ogre completely misses p0werm0de's ghost.
P0werm0de's ghost hits you but does no damage.
Your ogre misses p0werm0de's ghost.
Okay, then.
You fail to use your ability.
You feel yourself speed up.
Your ogre misses p0werm0de's ghost.
P0werm0de's ghost wails, "They lied to you.
The Dungeon just goes down and down forever."
P0werm0de's ghost barely misses you. P0werm0de's ghost hits you!
* * * LOW HITPOINT WARNING * * *
Your ogre hits p0werm0de's ghost with a giant club.
All of the chunks of flesh in your inventory have rotted away.
Char dumped successfully.
Okay, then.
Unknown command.
Char dumped successfully.
Okay, then.
Are you sure you want to abandon this character and quit the game? (Confirm with "yes".)

█............███..██
█............█P█...█
█..................██
.............█..██..█
█.█...........████.██
.██..........█████.█
.██................█
.██................██
█.█.............@W..█
.............█████O██
............ █..█
.██........ ██.█ ██
..... █.█ █ .... █.██
P .... █..█ █ █.██ █
█ █.█


You could see p0werm0de's ghost and a friendly ogre (berserk).

Vanquished Creatures
  A skeletal warrior (D:7)
  The ghost of Leszczynek the Basher, a novice OgWr of Makhleb (D:8)
  A hill giant (D:7)
  Pikel (D:4)
  A necromancer (D:7)
  An ugly thing (D:7)
  A spiny frog (Lair:1)
  3 komodo dragons
  A troll (D:7)
  The ghost of CcS the Cleaver, an amateur MiBe of Trog (D:4)
  A slime creature (D:7)
  A human (D:7)
  2 wyverns
  Sigmund (D:6)
  A vampire (D:7)
  4 hogs (D:7)
  A mottled dragon (D:8)
  Edmund (D:5)
  An orc warrior (D:7)
  A slave (D:4)
  2 ice beasts
  2 sky beasts
  2 centaurs
  A phantom (D:6)
  6 ogres
  A necrophage (D:8)
  5 crocodiles
  Blork the orc (D:5)
  3 bullfrogs
  A scorpion (D:8)
  2 howler monkeys
  3 crimson imps
  Crazy Yiuf (D:6)
  2 jellies (D:7)
  A bullfrog zombie (D:7)
  A centaur zombie (D:5)
  3 hounds
  A centaur skeleton (D:4)
  An orc wizard (D:4)
  4 iguanas
  2 worker ants
  A hound zombie (D:7)
  2 hound skeletons
  4 mummies
  A howler monkey zombie (D:7)
  A worker ant zombie (D:7)
  A howler monkey skeleton (D:5)
  12 adders
  15 gnolls
  A shadow imp (D:6)
  An ooze (D:1)
  4 adder zombies (Ossuary)
  2 adder skeletons
  7 worms
  3 dart slugs
  4 leopard geckos
  9 orcs
  A ball python (D:1)
  5 giant cockroaches
  7 goblins
  6 hobgoblins
  13 jackals
  5 quokkas
  7 bats
  4 frilled lizards
  A giant cockroach zombie (D:6)
  A goblin zombie (Ossuary)
  2 hobgoblin zombies (Ossuary)
  A jackal zombie (D:6)
  7 kobolds
  7 kobold zombies (Ossuary)
  A leopard gecko skeleton (D:8)
  An orc zombie (Ossuary)
  4 quokka zombies
  9 rats
  A rat zombie (Ossuary)
222 creatures vanquished.

Vanquished Creatures (collateral kills)
  A hill giant (D:7)
  Prince Ribbit (D:7)
  A slime creature (D:7)
  A scorpion (D:7)
4 creatures vanquished.

Vanquished Creatures (others)
  2 slaves (D:4)
  A centaur (D:4)
3 creatures vanquished.

Grand Total: 229 creatures vanquished

Notes
Turn   | Place    | Note
-------+----------+-------------------------------------------
     0 | D:1      | nht the Minotaur Berserker began the quest for the Orb.
     0 | D:1      | Reached XP level 1. HP: 19/19 MP: 0/0
    73 | D:1      | Reached skill level 4 in Axes
   158 | D:1      | Reached XP level 2. HP: 25/26 MP: 1/1
   368 | D:1      | Reached skill level 5 in Axes
   404 | D:1      | Reached XP level 3. HP: 23/31 MP: 2/2
   421 | D:1      | Reached ** piety under Trog
  1027 | D:2      | Reached XP level 4. HP: 35/39 MP: 3/3
  1073 | D:2      | Reached skill level 6 in Axes
  1530 | D:3      | Noticed an ogre
  1536 | D:3      | Killed an ogre
  1536 | D:3      | Reached skill level 7 in Axes
  1536 | D:3      | Reached XP level 5. HP: 45/45 MP: 4/4
  1960 | D:3      | Reached skill level 8 in Axes
  1982 | D:3      | Reached *** piety under Trog
  2090 | D:4      | Reached XP level 6. HP: 34/51 MP: 5/5
  2094 | D:4      | Noticed CcS's ghost (amateur MiBe)
  2108 | D:4      | Killed CcS's ghost
  2108 | D:4      | Reached skill level 9 in Axes
  2132 | D:4      | Reached XP level 7. HP: 34/57 MP: 6/6
  2157 | D:4      | Noticed Pikel
  2169 | D:4      | Killed Pikel
  2169 | D:4      | Reached skill level 11 in Axes
  2169 | D:4      | Reached XP level 8. HP: 48/64 MP: 7/7
  2171 | D:4      | Found a bloodstained altar of Trog.
  2203 | D:4      | Gained mutation: You are partially covered in rugged brown scales. (AC +1, +3% HP) [potion of mutation]
  2203 | D:4      | Gained mutation: You regenerate slowly when monsters are visible. [potion of mutation]
  2276 | D:4      | Found a sand-covered staircase.
  2299 | Ossuary  | Entered an ossuary
  2565 | Ossuary  | Reached skill level 12 in Axes
  3115 | D:4      | Reached **** piety under Trog
  3221 | D:5      | Entered Level 5 of the Dungeon
  3252 | D:5      | Found a staircase to the Ecumenical Temple.
  3441 | D:5      | Found Ziumomni's General Store.
  3471 | D:5      | Reached skill level 13 in Axes
  3510 | D:5      | Noticed Edmund
  3514 | D:5      | Noticed Blork the orc
  3516 | D:5      | Killed Edmund
  3523 | D:5      | Killed Blork the orc
  3696 | D:5      | Bought a scroll of magic mapping for 35 gold pieces
  3899 | D:6      | Reached XP level 9. HP: 72/72 MP: 8/8
  3929 | D:6      | Noticed Sigmund
  3939 | D:6      | Killed Sigmund
  3939 | D:6      | Reached skill level 14 in Axes
  4171 | D:6      | Found a runed door.
  4310 | D:6      | Found Roec's Weapon Boutique.
  4376 | D:6      | Found Iboaped's Magic Scroll Emporium.
  4381 | D:6      | Bought 2 scrolls of magic mapping for 91 gold pieces
  4381 | D:6      | Bought a scroll of fog for 26 gold pieces
  4511 | D:6      | Noticed Crazy Yiuf
  4518 | D:6      | Killed Crazy Yiuf
  4602 | D:7      | Gained mutation: You are resistant to electric shocks. (rElec) [potion of beneficial mutation]
  4883 | D:7      | Reached skill level 15 in Axes
  4983 | D:7      | Noticed a troll
  4985 | D:7      | Noticed a hill giant
  4993 | D:7      | Killed a troll
  4999 | D:7      | Killed a hill giant
  5017 | D:7      | Reached skill level 16 in Axes
  5120 | D:7      | Noticed a white ugly thing
  5120 | D:7      | Noticed a skeletal warrior
  5121 | D:7      | Noticed Prince Ribbit
  5138 | D:7      | Noticed a necromancer
  5148 | D:7      | Reached XP level 10. HP: 73/79 MP: 9/9
  5152 | D:7      | Killed a necromancer
  5297 | D:7      | Killed a skeletal warrior
  5297 | D:7      | Reached skill level 17 in Axes
  5410 | D:7      | Reached ***** piety under Trog
  5608 | D:7      | Noticed a hill giant
  5639 | D:7      | Killed a white ugly thing
  5652 | D:7      | Killed a hill giant
  5655 | D:7      | Killed Prince Ribbit
  5924 | D:7      | Reached skill level 18 in Axes
  6204 | D:8      | Found an opulent altar of Gozag.
  6529 | D:8      | Reached XP level 11. HP: 28/84 MP: 10/10
  6667 | D:8      | Noticed Leszczynek's ghost (novice OgWr)
  6674 | D:8      | Killed Leszczynek's ghost
  6885 | D:8      | Reached skill level 19 in Axes
  6928 | D:8      | Found a staircase to the Lair.
  7018 | Lair:1   | Entered Level 1 of the Lair of Beasts
  7218 | Lair:1   | Noticed p0werm0de's ghost (journeyman OpWr)
  7259 | Lair:1   | HP: 1/84 [p0werm0de's ghost (8)]
  7269 | Lair:1   | HP: 1/84 [p0werm0de's ghost (1)]
  7273 | Lair:1   | Quit the game

Vault maps used:
D:1:      onia_arrival_larder, minmay_split_cup_small
D:2:      kennysheep_big_flooded_room
D:4:      gup_ossuary_entry_pyramid, first_bread, trog_three_pillars_becter,
          uniq_pikel
D:5:      serial_shops, nicolae_shop_window_shopping, uniq_blork_the_orc,
          uniq_edmund
D:6:      serial_shops, nicolae_shop_temple_entry_statues_fountains,
          kennysheep_little_box, uniq_crazy_yiuf_cottage, uniq_sigmund
D:7:      grunt_livestock, minmay_the_grid_3x2, uniq_prince_ribbit1
D:8:      erik_lair_dragon, grunt_gozag_breadcrumbs
Ossuary:  ossuary_minmay_chase

Skill      XL: |  1  2  3  4  5  6  7  8  9 10 11 |
---------------+----------------------------------+-----
Axes           | 4 5 7 8 9 11 13 16 18 19 | 19.3
Fighting       | |  3.6
Armour         | |  2.4
Dodging        | |  2.1

Action                   |  1- 3 |  4- 6 |  7- 9 | 10-12 || total
-------------------------+-------+-------+-------+-------++-------
Melee: Hand axe          |   107 |    95 |   216 |       ||   418
       Headbutt          |    11 |     8 |    66 |    44 ||   129
       War axe           |       |       |    45 |   199 ||   244
Invok: Berserk           |       |     3 |    11 |     7 ||    21
       Trog's Hand       |       |     2 |     2 |       ||     4
       Burn Spellbooks   |       |       |     1 |     1 ||     2
       Brothers in Arms  |       |       |       |     5 ||     5
  Use: Potion            |     2 |     2 |     5 |     2 ||    11
       Scroll            |       |     5 |    10 |     2 ||    17
 Stab: Distracted        |       |       |       |     1 ||     1
  Eat: Chunk             |       |     8 |    19 |    13 ||    40
       Pizza             |       |       |       |     1 ||     1
Armor: Animal skin       |    16 |    25 |    42 |     8 ||    91
       Skin              |       |    18 |       |       ||    18
       Scale mail        |       |       |       |    60 ||    60
Dodge: Dodged            |    63 |    70 |   108 |    77 ||   318
